[ PARTIDA AOE2 · #506380942 ]
UnrankedEspañoles vs Huns
Equipo del jugador · VICT
Equipo rival · DERR
[ ANÁLISIS DE REPETICIÓN · EXTRAÍDO DE LA PARTIDA GRABADA ]
Feudal
9:41
Castillos
23:06
Imperial
40:15
| APM promedio | 47.3 |
| APM pico | 89 |
| eAPM promedio | 27.1 |
| Aldeanos / militares | 163 / 157 |
Foco
⚔️ 32.4% · 🌾 67.6%
Knight ×140 · Conquistador ×9 · Trebuchet (Packed) ×5 · Scout Cavalry ×2 · Monk ×1
Feudal
9:49
Castillos
24:49
Imperial
41:11
| APM promedio | 27.3 |
| APM pico | 51 |
| eAPM promedio | 17.5 |
| Aldeanos / militares | 145 / 94 |
Foco
⚔️ 38.0% · 🌾 62.0%
Knight ×69 · Scout Cavalry ×13 · Trebuchet (Packed) ×9 · Monk ×3
Mapa de la partida
Recursos iniciales + cada clic de construcción. Líneas = muros · curvas = relieve. ◆ oro · ⬟ piedra · ● bayas · ✦ reliquia · ◌ hueco del cierre
Tu base· Abierta — hueco de 1t
Base de Schloofi36· Abierta — flanco sin cerrar
Terreno inicial suavizado · ◌ = hueco del cierre detectado · pasá el cursor para detalles
Inputs por minuto
— whosyourmama - - Schloofi36
Build order — whosyourmama
Primeras 150 de 410 acciones detectadas
| 0:01 | Crear | Villager (Male) ×4 |
| 0:02 | Construir | House |
| 0:04 | Construir | House |
| 1:26 | Crear | Villager (Male) |
| 1:58 | Crear | Villager (Male) |
| 2:14 | Crear | Villager (Male) |
| 2:27 | Crear | Villager (Male) |
| 2:28 | Crear | Villager (Male) |
| 2:28 | Crear | Villager (Male) |
| 2:58 | Crear | Villager (Male) |
| 2:58 | Crear | Villager (Male) |
| 3:00 | Crear | Villager (Male) |
| 3:00 | Crear | Villager (Male) |
| 3:14 | Construir | House |
| 3:16 | Construir | House |
| 3:31 | Crear | Villager (Male) |
| 3:32 | Crear | Villager (Male) |
| 3:32 | Crear | Villager (Male) |
| 3:56 | Crear | Villager (Male) |
| 3:57 | Crear | Villager (Male) |
| 4:09 | Crear | Villager (Male) |
| 4:09 | Crear | Villager (Male) |
| 4:16 | Construir | Mill |
| 4:30 | Crear | Villager (Male) |
| 4:30 | Crear | Villager (Male) |
| 4:38 | Crear | Villager (Male) |
| 4:39 | Crear | Villager (Male) |
| 4:39 | Crear | Villager (Male) |
| 5:16 | Crear | Villager (Male) |
| 5:17 | Crear | Villager (Male) |
| 5:19 | Crear | Villager (Male) |
| 5:34 | Construir | Lumber Camp |
| 5:54 | Crear | Villager (Male) |
| 5:54 | Crear | Villager (Male) |
| 6:03 | Crear | Villager (Male) |
| 6:41 | Crear | Villager (Male) |
| 6:41 | Crear | Villager (Male) |
| 7:27 | Investigar | Loom |
| 7:31 | Investigar | Feudal Age |
| 7:31 | Investigar | Feudal Age |
| 8:57 | Construir | House |
| 8:59 | Construir | Palisade Wall |
| 9:04 | Investigar | Loom |
| 9:04 | Investigar | Loom |
| 9:05 | Investigar | Loom |
| 9:21 | Construir | House |
| 9:24 | Construir | Palisade Wall |
| 9:25 | Construir | Palisade Wall |
| 9:26 | Construir | Palisade Gate |
| 9:30 | Construir | Palisade Wall |
| 9:41 | Edad | Edad Feudal |
| 9:50 | Crear | Villager (Male) |
| 9:58 | Construir | Palisade Gate |
| 10:09 | Investigar | Double-Bit Axe |
| 10:19 | Construir | House |
| 10:25 | Construir | Blacksmith |
| 10:32 | Crear | Villager (Male) |
| 10:43 | Construir | Palisade Wall |
| 11:00 | Crear | Villager (Male) |
| 11:23 | Construir | Market |
| 11:27 | Construir | Palisade Wall |
| 11:46 | Construir | Palisade Wall |
| 12:07 | Crear | Villager (Male) |
| 12:26 | Construir | Watch Tower |
| 12:36 | Crear | Villager (Male) |
| 13:35 | Crear | Villager (Male) |
| 13:46 | Crear | Villager (Male) |
| 13:48 | Crear | Villager (Male) |
| 14:15 | Crear | Villager (Male) |
| 14:22 | Crear | Villager (Male) |
| 14:26 | Construir | Farm |
| 14:29 | Construir | Farm |
| 14:32 | Crear | Villager (Male) |
| 15:02 | Crear | Villager (Male) |
| 15:05 | Construir | Farm |
| 15:07 | Construir | Farm |
| 15:13 | Construir | Farm |
| 15:54 | Construir | Farm |
| 16:03 | Construir | Farm |
| 16:16 | Construir | Palisade Gate |
| 16:30 | Construir | Farm |
| 16:41 | Crear | Villager (Male) |
| 16:46 | Construir | Farm |
| 16:47 | Construir | Farm |
| 16:49 | Construir | Farm |
| 16:51 | Construir | Watch Tower |
| 17:14 | Construir | House |
| 17:56 | Crear | Villager (Male) |
| 18:05 | Crear | Villager (Male) |
| 18:23 | Crear | Villager (Male) |
| 18:25 | Crear | Villager (Male) |
| 18:27 | Crear | Villager (Male) |
| 19:55 | Crear | Villager (Male) |
| 20:13 | Construir | House |
| 20:15 | Construir | House |
| 20:24 | Investigar | Castle Age |
| 20:24 | Investigar | Castle Age |
| 20:25 | Investigar | Castle Age |
| 20:49 | Investigar | Fletching |
| 21:36 | Crear | Villager (Male) |
| 21:43 | Construir | House |
| 22:18 | Construir | Barracks |
| 23:05 | Construir | Stable |
| 23:06 | Edad | Edad de los Castillos |
| 23:09 | Crear | Villager (Male) |
| 23:22 | Construir | Castle |
| 23:33 | Construir | Castle |
| 24:05 | Crear | Villager (Male) |
| 24:26 | Crear | Villager (Male) |
| 24:26 | Crear | Villager (Male) |
| 25:11 | Crear | Conquistador |
| 25:11 | Crear | Conquistador |
| 25:12 | Crear | Conquistador |
| 25:34 | Construir | House |
| 25:36 | Construir | Palisade Wall |
| 26:07 | Crear | Villager (Male) |
| 26:08 | Crear | Villager (Male) |
| 26:08 | Crear | Villager (Male) |
| 26:32 | Crear | Villager (Male) |
| 26:57 | Crear | Conquistador |
| 27:02 | Construir | Town Center |
| 27:11 | Construir | Monastery |
| 27:15 | Crear | Villager (Male) |
| 27:38 | Construir | Farm |
| 27:39 | Construir | Farm |
| 27:39 | Construir | Farm |
| 27:39 | Construir | Farm |
| 27:39 | Construir | Farm |
| 27:40 | Construir | Farm |
| 27:40 | Construir | Farm |
| 27:50 | Investigar | Horse Collar |
| 28:20 | Crear | Villager (Male) |
| 28:20 | Crear | Villager (Male) |
| 28:25 | Construir | Farm |
| 28:25 | Crear | Monk |
| 28:30 | Crear | Villager (Male) |
| 28:39 | Construir | Farm |
| 28:40 | Construir | Farm |
| 28:40 | Construir | Farm |
| 28:42 | Crear | Villager (Male) |
| 28:52 | Construir | Farm |
| 28:53 | Construir | Farm |
| 28:56 | Crear | Conquistador |
| 28:56 | Crear | Conquistador |
| 28:56 | Crear | Conquistador |
| 29:01 | Crear | Knight |
| 29:01 | Crear | Knight |
| 29:01 | Crear | Knight |
| 29:26 | Crear | Villager (Male) |
| 29:26 | Crear | Villager (Male) |
Build order — Schloofi36
Primeras 150 de 408 acciones detectadas
| 0:02 | Crear | Villager (Male) |
| 0:02 | Crear | Villager (Male) |
| 0:02 | Crear | Villager (Male) |
| 0:03 | Crear | Villager (Male) |
| 1:33 | Crear | Villager (Male) |
| 1:33 | Crear | Villager (Male) |
| 1:55 | Crear | Villager (Male) |
| 2:00 | Construir | Lumber Camp |
| 2:07 | Crear | Villager (Male) |
| 2:07 | Crear | Villager (Male) |
| 2:44 | Crear | Villager (Male) |
| 2:59 | Crear | Villager (Male) |
| 3:00 | Crear | Villager (Male) |
| 3:29 | Crear | Villager (Male) |
| 3:30 | Crear | Villager (Male) |
| 3:54 | Crear | Villager (Male) |
| 4:24 | Crear | Villager (Male) |
| 5:05 | Crear | Villager (Male) |
| 5:06 | Crear | Villager (Male) |
| 5:30 | Crear | Villager (Male) |
| 6:03 | Crear | Villager (Male) |
| 6:24 | Crear | Villager (Male) |
| 6:35 | Construir | Mining Camp |
| 7:03 | Crear | Villager (Male) |
| 7:08 | Investigar | Loom |
| 7:39 | Investigar | Feudal Age |
| 7:48 | Construir | Barracks |
| 9:49 | Edad | Edad Feudal |
| 9:52 | Construir | Stable |
| 9:58 | Crear | Villager (Male) |
| 10:10 | Crear | Villager (Male) |
| 10:22 | Investigar | Double-Bit Axe |
| 10:36 | Crear | Scout Cavalry |
| 10:46 | Crear | Scout Cavalry |
| 10:53 | Crear | Villager (Male) |
| 10:53 | Crear | Villager (Male) |
| 11:02 | Construir | Mining Camp |
| 11:06 | Construir | Mill |
| 11:12 | Construir | Mill |
| 11:18 | Crear | Villager (Male) |
| 11:31 | Crear | Scout Cavalry |
| 11:36 | Crear | Villager (Male) |
| 11:45 | Crear | Villager (Male) |
| 12:09 | Construir | Watch Tower |
| 12:21 | Crear | Villager (Male) |
| 12:27 | Crear | Scout Cavalry |
| 12:41 | Construir | Watch Tower |
| 13:02 | Crear | Scout Cavalry |
| 13:04 | Construir | Palisade Wall |
| 13:05 | Construir | Palisade Wall |
| 13:11 | Construir | Palisade Wall |
| 13:13 | Construir | Palisade Wall |
| 13:14 | Construir | Palisade Wall |
| 13:37 | Construir | Palisade Wall |
| 13:41 | Construir | Palisade Wall |
| 13:46 | Crear | Scout Cavalry |
| 13:52 | Crear | Scout Cavalry |
| 14:19 | Construir | Farm |
| 14:20 | Construir | Farm |
| 14:20 | Construir | Farm |
| 14:20 | Construir | Farm |
| 14:20 | Construir | Farm |
| 14:21 | Construir | Farm |
| 14:21 | Construir | Farm |
| 14:21 | Construir | Farm |
| 14:21 | Construir | Farm |
| 14:37 | Construir | Watch Tower |
| 14:43 | Crear | Villager (Male) |
| 14:44 | Crear | Scout Cavalry |
| 15:04 | Construir | Farm |
| 15:04 | Construir | Farm |
| 15:04 | Construir | Farm |
| 15:05 | Construir | Farm |
| 15:05 | Construir | Farm |
| 15:16 | Construir | Farm |
| 15:46 | Crear | Villager (Male) |
| 15:47 | Crear | Scout Cavalry |
| 16:03 | Crear | Villager (Male) |
| 16:11 | Construir | Watch Tower |
| 16:22 | Crear | Villager (Male) |
| 16:46 | Crear | Villager (Male) |
| 16:49 | Construir | Blacksmith |
| 16:56 | Crear | Villager (Male) |
| 17:29 | Crear | Villager (Male) |
| 17:57 | Investigar | Fletching |
| 17:58 | Crear | Villager (Male) |
| 18:10 | Crear | Villager (Male) |
| 18:19 | Crear | Villager (Male) |
| 18:23 | Crear | Scout Cavalry |
| 18:23 | Crear | Scout Cavalry |
| 18:28 | Construir | Palisade Wall |
| 18:30 | Construir | Palisade Wall |
| 18:32 | Construir | Palisade Wall |
| 19:13 | Crear | Villager (Male) |
| 19:50 | Construir | Palisade Wall |
| 20:04 | Crear | Scout Cavalry |
| 20:06 | Crear | Villager (Male) |
| 20:08 | Crear | Villager (Male) |
| 20:13 | Construir | Farm |
| 20:13 | Construir | Farm |
| 20:13 | Construir | Farm |
| 20:14 | Construir | Farm |
| 20:14 | Construir | Farm |
| 20:14 | Construir | Farm |
| 20:44 | Crear | Villager (Male) |
| 20:45 | Crear | Scout Cavalry |
| 20:54 | Construir | Watch Tower |
| 21:20 | Crear | Villager (Male) |
| 21:27 | Construir | Market |
| 22:09 | Investigar | Castle Age |
| 22:41 | Crear | Villager (Male) |
| 22:47 | Construir | Watch Tower |
| 23:07 | Crear | Villager (Male) |
| 23:29 | Construir | Palisade Wall |
| 23:31 | Construir | Palisade Wall |
| 23:37 | Construir | Palisade Wall |
| 24:02 | Construir | Palisade Gate |
| 24:12 | Crear | Villager (Male) |
| 24:49 | Edad | Edad de los Castillos |
| 25:29 | Crear | Villager (Male) |
| 25:37 | Crear | Villager (Male) |
| 25:40 | Construir | Watch Tower |
| 25:59 | Investigar | Bodkin Arrow |
| 26:18 | Crear | Villager (Male) |
| 26:59 | Construir | Town Center |
| 27:06 | Construir | Town Center |
| 27:07 | Crear | Villager (Male) |
| 27:16 | Crear | Villager (Male) |
| 27:26 | Construir | University |
| 27:31 | Crear | Villager (Male) |
| 27:36 | Investigar | Stone Mining |
| 27:44 | Crear | Villager (Male) |
| 28:00 | Crear | Villager (Male) |
| 28:03 | Investigar | Gold Mining |
| 28:12 | Crear | Villager (Male) |
| 28:29 | Crear | Villager (Male) |
| 28:41 | Crear | Villager (Male) |
| 28:51 | Crear | Villager (Male) |
| 28:54 | Construir | Town Center |
| 29:02 | Crear | Villager (Male) |
| 29:07 | Crear | Villager (Male) |
| 29:23 | Crear | Villager (Male) |
| 29:29 | Construir | Watch Tower |
| 29:32 | Crear | Villager (Male) |
| 29:38 | Crear | Villager (Male) |
| 29:46 | Crear | Villager (Male) |
| 29:49 | Construir | Palisade Wall |
| 29:50 | Construir | Palisade Wall |
| 29:51 | Construir | Palisade Wall |
| 29:52 | Construir | Palisade Wall |
Cronología de la partida
| 7:48 | Schloofi36 · first_building Barracks |
| 8:59 | whosyourmama · wall_segment Palisade Wall x8 |
| 9:24 | whosyourmama · wall_segment Palisade Wall x6 |
| 9:25 | whosyourmama · wall_segment Palisade Wall x1 |
| 9:30 | whosyourmama · wall_segment Palisade Wall x1 |
| 9:41 | whosyourmama · age_up feudal |
| 9:49 | Schloofi36 · age_up feudal |
| 9:52 | Schloofi36 · first_building Stable |
| 10:43 | whosyourmama · wall_segment Palisade Wall x7 |
| 11:27 | whosyourmama · wall_segment Palisade Wall x4 |
| 11:46 | whosyourmama · wall_segment Palisade Wall x2 |
| 13:04 | Schloofi36 · wall_segment Palisade Wall x1 |
| 13:05 | Schloofi36 · wall_segment Palisade Wall x1 |
| 13:11 | Schloofi36 · wall_segment Palisade Wall x1 |
| 13:13 | Schloofi36 · wall_segment Palisade Wall x1 |
| 13:14 | Schloofi36 · wall_segment Palisade Wall x1 |
| 13:37 | Schloofi36 · wall_segment Palisade Wall x1 |
| 13:41 | Schloofi36 · wall_segment Palisade Wall x1 |
| 18:28 | Schloofi36 · wall_segment Palisade Wall x1 |
| 18:30 | Schloofi36 · wall_segment Palisade Wall x1 |
| 18:32 | Schloofi36 · wall_segment Palisade Wall x1 |
| 19:50 | Schloofi36 · wall_segment Palisade Wall x1 |
| 19:58 | whosyourmama · first_market_sell 100 wood |
| 19:59 | whosyourmama · first_market_buy 100 food |
| 22:18 | whosyourmama · first_building Barracks |
| 22:38 | Schloofi36 · first_market_buy 100 stone |
| 23:05 | whosyourmama · first_building Stable |
| 23:06 | whosyourmama · age_up castle |
| 23:22 | whosyourmama · first_building Castle |
| 23:29 | Schloofi36 · wall_segment Palisade Wall x1 |
| 23:31 | Schloofi36 · wall_segment Palisade Wall x1 |
| 23:37 | Schloofi36 · wall_segment Palisade Wall x1 |
| 24:49 | Schloofi36 · age_up castle |
| 25:36 | whosyourmama · wall_segment Palisade Wall x1 |
| 26:36 | Schloofi36 · first_market_sell 100 food |
| 27:11 | whosyourmama · first_building Monastery |
| 29:49 | Schloofi36 · wall_segment Palisade Wall x1 |
| 29:50 | Schloofi36 · wall_segment Palisade Wall x1 |
| 29:51 | Schloofi36 · wall_segment Palisade Wall x1 |
| 29:52 | Schloofi36 · wall_segment Palisade Wall x1 |
| 29:57 | Schloofi36 · wall_segment Palisade Wall x1 |
| 29:58 | Schloofi36 · wall_segment Palisade Wall x1 |
| 30:27 | Schloofi36 · first_building Monastery |
| 34:47 | Schloofi36 · first_building Castle |
| 37:53 | Schloofi36 · wall_segment Palisade Wall x1 |
| 40:15 | whosyourmama · age_up imperial |
| 41:11 | Schloofi36 · age_up imperial |
| 46:24 | Schloofi36 · wall_segment Palisade Wall x1 |
| 46:25 | Schloofi36 · wall_segment Palisade Wall x1 |
| 46:26 | Schloofi36 · wall_segment Palisade Wall x1 |
| 49:27 | Schloofi36 · wall_segment Palisade Wall x1 |
| 49:30 | Schloofi36 · wall_segment Palisade Wall x1 |
| 49:34 | Schloofi36 · wall_segment Palisade Wall x1 |
| 53:28 | Schloofi36 · resign |
[ ANÁLISIS IA · 1 CRÉDITO ]
¿Qué pasó realmente en esta partida?
Wolo.gg analiza cada decisión: build order, eco, micro, errores típicos por bracket. Análisis personalizado por WhatsApp o Discord en 30 segundos.
Guía civ
Españoles
Perfil
Jugador #3171807